Map: Dash and Terminal LE (Void)

Players

keyo

  • Race: Zerg Zerg
  • League: Grandmaster

Javert - Winner!

  • Race: Zerg Zerg
  • League: Grandmaster

VOD

Have the link to the VOD?

Description

Time

  • Played on: July 14, 2015, 8:20 p.m.
  • Length: 3:14
Show
View Real Time Build Order
Export as new Build Order

keyo Zerg 

Build Orders: Hatch First 

Get SALT Encoding   

  12  0:01  Drone  
  13  0:09  Drone  
  14  0:15  Extractor  
  14  0:16  Drone  
  15  0:40  Hatchery  
  14  0:56  Spawning Pool  
  13  0:57  Drone  
  14  1:06  Drone, Extractor  
  14  1:12  Overlord  
  14  1:20  Extractor  
  14  1:21  Drone  
  15  1:34  Drone x2  
  17  1:41  Drone  
  17  1:45  Queen  
  20  1:51  Overlord  
  20  1:54  Zergling x2  
  21  2:05  Drone x2  
  23  2:19  Overlord  
  23  2:20  Drone  
  24  2:30  Spine Crawler  
  21  2:44  Zergling x2  
  21  2:45  Zergling x6  
  25  2:54  Zergling x2  
Show
View Real Time Build Order
Export as new Build Order

Javert Zerg - Winner!

Build Orders: Pool First 

Get SALT Encoding   

  12  0:01  Drone  
  13  0:09  Drone  
  14  0:14  Extractor  
  14  0:16  Drone  
  14  0:26  Overlord  
  14  0:41  Spawning Pool  
  13  0:44  Drone  
  14  0:50  Drone  
  14  0:55  Drone  
  16  1:04  Drone  
  17  1:08  Drone  
  18  1:27  Metabolic Boost  
  18  1:28  Queen  
  20  1:35  Overlord  
  20  1:37  Zergling x2  
  21  1:41  Zergling x2  
  21  1:44  Spore Crawler  
  21  1:52  Zergling x2  
  22  2:16  Zergling x2  
  22  2:17  Zergling x2  
  24  2:29  Hatchery  
  23  2:30  Zergling x2  
  23  2:32  Queen  
  26  2:50  Zergling x6  
  26  2:51  Zergling x2  
Tags
 
Add a new tag
Caveats
  • Supply blocks, unpowered buildings, or Contaminate may cause inaccurate times.
  • Supply counts are checked every 10 seconds.